Connexion

Wild vs IceHogs

Created - 21 décembre 2023 at 06:06

Goals
1 2 3 T
Wild 1 0 0 1
IceHogs 3 1 1 5
Shots
1 2 3 T
Wild 7 6 9 22
IceHogs 8 10 15 33

GoalsPenalties
1st period
1. IceHogs , Andrew Sturtz 12 (Jack Dougherty 10, Brendan Gaunce 16) at 1:03
2. Wild , Kasper Bjorkqvist 20 (Ben Thomas 25, Danick Martel 12) at 3:35
3. IceHogs , Riley Sheahan 17 (Charles Hudon 23) at 9:46
4. IceHogs , Jean-Sébastien Dea 18 (Danny O'Regan 26, Cedric Paquette 13) at 19:45
Zack O'Brien (RCK) for Roughing (Minor) at 1:27
Erik Cernak (RCK) for High sticking (Minor) at 6:21
Cedric Paquette (RCK) for Hooking (Minor) at 16:23
2nd period
5. IceHogs , Riley Sheahan 18 (Charles Hudon 24) at 8:08
Jalen Chatfield (IOW) for Roughing (Minor) at 0:19
Erik Cernak (RCK) for Holding (Minor) at 3:57
Connor Hobbs (IOW) for Tripping (Minor) at 5:06
Erik Cernak (RCK) for Holding (Minor) at 10:31
3rd period
6. IceHogs , Cedric Paquette 11 (Jean-Sébastien Dea 44, Jack Dougherty 11) at 13:12
Anthony Louis (IOW) for Holding (Minor) at 1:49
William Carrier (RCK) for Elbowing (Minor) at 9:01
Cedric Paquette (RCK) for Tripping (Minor) at 17:52
Goalie Stats
Shane Starrett (IOW), 20 saves from 21 shots - (0,952), 31:52 minutes
Maxime Lagace (IOW), 8 saves from 12 shots - (0,667), L, 25-14-0, 28:08 minutes
Christopher Gibson (RCK), 21 saves from 22 shots - (0,955), W, 27-12-1, 60:00 minutes
3 StarsOfficial
1 - Riley Sheahan (RCK)
2 - Jean-Sébastien Dea (RCK)
3 - Cedric Paquette (RCK)
Referees : Mike Leggo and Dan O'Rourke
Linesman : Steve Miller and Don Henderson
Game Note
Shane Starrett enters game at 8:08 of 2nd period
Finance
Level 1 -- Attendance: 1982 (99,10%) -- Ticket Income $69,370
Level 2 -- Attendance: 1000 (100,00%) -- Ticket Income $15,000
Total Attendance: 2982 (99,40%)
Total Ticket Income: $84,370
Other Income: $16,874
Total Income: $101,244



Team Name Goals Shots Shots Attemp Shots Blocked PIM HIT PP PK FO%
Wild 12257146210 / 7 (0%)042%
IceHogs 533741514270 / 3 (0%)058%

Wild
Player Name POS G A P +/- PIM HIT SHT SB MP PP MP PP SHT PK MP PK SHT FO% FOT
Anders BjorkLW/RW0000000120:575:5603:1200% 0
Anthony LouisC/LW000-1204019:446:3820:0000% 0
Antti SuomelaC000000000:290:2900:0000% 0
Ben GleasonD000-2023121:185:4732:5100% 0
Ben ThomasD011-1010314:190:4200:0000% 0
Connor HobbsD000-2211120:115:4611:4500% 0
Danick MartelC/LW011-1031121:196:3801:34057% 21
Dillon SimpsonD000-1012224:266:3412:1900% 0
Eemeli RasanenD000-1000316:210:4202:0200% 0
Jalen ChatfieldD000-1220123:236:3401:1700% 0
Jeremy GregoireC/LW/RW000-2021013:150:2900:00037% 19
Joseph GambardellaC/LW0000003018:295:5621:34041% 29
Kasper BjorkqvistLW/RW101-2003013:240:0000:3800% 2
Lukas JasekC/RW000-100004:080:0000:00033% 3
Michael MerschLW/RW000-2021012:460:0000:0000% 0
Ryan KuffnerLW000-100104:080:0000:0000% 0
Tanner PearsonLW000-1042025:386:2513:16030% 10
Taylor RaddyshRW000-1030119:456:3800:0000% 0
IceHogs
Player Name POS G A P +/- PIM HIT SHT SB MP PP MP PP SHT PK MP PK SHT FO% FOT
Andrew SturtzRW1010004014:270:0000:0000% 1
Brandon GignacC000000000:000:0000:0000% 0
Brandon HickeyD0001051222:022:3106:4300% 0
Brendan GaunceC/LW0110030014:270:0000:00057% 14
Cameron Gaunce D0002011125:022:3606:4400% 0
Cedric PaquetteC/LW1122443116:232:1902:42080% 5
Charles HudonLW/RW0222011016:332:4800:00033% 3
Colton SceviourC/LW/RW0000001216:190:0001:5200% 2
Danny O'ReganC/RW0112015123:002:1918:550100% 1
Erik CernakD0002632422:492:3614:0600% 0
Frederic AllardD0001012121:382:3106:1900% 0
Jack DoughertyD0221000014:300:0002:1400% 0
Jean-Sébastien DeaC/RW1122017024:232:1908:40065% 37
Mark AltD0001000213:560:0000:0000% 0
Mikhail VorobyovC000000001:580:0000:20050% 2
Riley SheahanC2022015016:332:4800:00056% 18
William CarrierLW/RW0002251120:232:4813:3700% 1
Zack O'BrienC/RW000021001:370:0000:0000% 0



Play-by-Play

1st period


0:01 of 1st period - Joseph Gambardella wins face-off versus Jean-Sébastien Dea in neutral zone.
0:20 of 1st period - Shot by Jean-Sébastien Dea.
0:20 of 1st period - Stopped by Maxime Lagace without a rebound.
0:21 of 1st period - Riley Sheahan wins face-off versus Danick Martel in Wild zone.
0:27 of 1st period - Taylor Raddysh is hit by Brandon Hickey and loses puck.
0:33 of 1st period - Danick Martel is hit by Brandon Hickey and loses puck.
0:38 of 1st period - Shot by Anthony Louis.
0:38 of 1st period - Stopped by Christopher Gibson without a rebound.
0:39 of 1st period - Brendan Gaunce wins face-off versus Kasper Bjorkqvist in IceHogs zone.
0:39 of 1st period - Brendan Gaunce is hit by Jeremy Gregoire.
1:03 of 1st period - Shot by Andrew Sturtz.
1:03 of 1st period - Goal by Andrew Sturtz - Wild : 0 - IceHogs : 1.
1:04 of 1st period - Lukas Jasek wins face-off versus Mikhail Vorobyov in neutral zone.
1:12 of 1st period - Lukas Jasek is hit by Cameron Gaunce .
1:26 of 1st period - Ryan Kuffner is hit by Zack O'Brien and loses puck.
1:27 of 1st period - Minor Penalty to Zack O'Brien for Roughing.
1:28 of 1st period - Danick Martel wins face-off versus Jean-Sébastien Dea in IceHogs zone.
1:53 of 1st period - Ben Gleason is hit by Jean-Sébastien Dea and loses puck.
2:06 of 1st period - Cameron Gaunce is hit by Taylor Raddysh and loses puck.
2:37 of 1st period - Shot by Joseph Gambardella.
2:37 of 1st period - Stopped by Christopher Gibson with a rebound.
3:33 of 1st period - Shot by Kasper Bjorkqvist.
3:33 of 1st period - Shot Misses the Net.
3:35 of 1st period - Shot by Kasper Bjorkqvist.
3:35 of 1st period - Goal by Kasper Bjorkqvist - Wild : 1 - IceHogs : 1.
3:36 of 1st period - Brendan Gaunce wins face-off versus Jeremy Gregoire in neutral zone.
3:51 of 1st period - Shot by Brendan Gaunce.
3:51 of 1st period - Shot Misses the Net.
3:55 of 1st period - Shot by Andrew Sturtz.
3:55 of 1st period - Shot Blocked by Eemeli Rasanen.
3:57 of 1st period - Shot by Brendan Gaunce.
3:57 of 1st period - Shot Blocked by Ben Thomas.
4:03 of 1st period - Shot by Andrew Sturtz.
4:03 of 1st period - Stopped by Maxime Lagace with a rebound.
4:11 of 1st period - Shot by Andrew Sturtz.
4:11 of 1st period - Shot Misses the Net.
4:22 of 1st period - Jeremy Gregoire is hit by William Carrier and loses puck.
4:46 of 1st period - Icing by Joseph Gambardella.
4:47 of 1st period - Jean-Sébastien Dea wins face-off versus Joseph Gambardella in Wild zone.
5:22 of 1st period - Icing by Anders Bjork.
5:23 of 1st period - Joseph Gambardella wins face-off versus Riley Sheahan in Wild zone.
5:52 of 1st period - Icing by Connor Hobbs.
5:53 of 1st period - Danick Martel wins face-off versus Brendan Gaunce in Wild zone.
6:10 of 1st period - Shot by Anthony Louis.
6:10 of 1st period - Shot Blocked by Erik Cernak.
6:18 of 1st period - Shot by Danick Martel.
6:18 of 1st period - Stopped by Christopher Gibson with a rebound.
6:20 of 1st period - Shot by Danick Martel.
6:20 of 1st period - Shot Misses the Net.
6:21 of 1st period - Minor Penalty to Erik Cernak for High sticking.
6:22 of 1st period - Jean-Sébastien Dea wins face-off versus Joseph Gambardella in IceHogs zone.
6:37 of 1st period - Brandon Hickey is hit by Tanner Pearson and loses puck.
6:43 of 1st period - Tanner Pearson is hit by Brandon Hickey and loses puck.
7:27 of 1st period - Shot by Anthony Louis.
7:27 of 1st period - Shot Misses the Net.
7:29 of 1st period - Shot by Ben Gleason.
7:29 of 1st period - Stopped by Christopher Gibson with a rebound.
8:41 of 1st period - Mark Alt is hit by Michael Mersch and loses puck.
8:46 of 1st period - Shot by Michael Mersch.
8:46 of 1st period - Shot Blocked by Erik Cernak.
8:56 of 1st period - Shot by Kasper Bjorkqvist.
8:56 of 1st period - Stopped by Christopher Gibson with a rebound.
9:32 of 1st period - Shot by Lukas Jasek.
9:32 of 1st period - Shot Misses the Net.
9:34 of 1st period - Shot by Tanner Pearson.
9:34 of 1st period - Shot Misses the Net.
9:46 of 1st period - Shot by Riley Sheahan.
9:46 of 1st period - Goal by Riley Sheahan - Wild : 1 - IceHogs : 2.
9:47 of 1st period - Danick Martel wins face-off versus Jean-Sébastien Dea in neutral zone.
9:52 of 1st period - Erik Cernak is hit by Taylor Raddysh and loses puck.
10:10 of 1st period - Off-side.
10:11 of 1st period - Jeremy Gregoire wins face-off versus Riley Sheahan in neutral zone.
11:30 of 1st period - Shot by Jean-Sébastien Dea.
11:30 of 1st period - Shot Blocked by Taylor Raddysh.
11:42 of 1st period - Shot by Jean-Sébastien Dea.
11:42 of 1st period - Stopped by Maxime Lagace without a rebound.
11:43 of 1st period - Brendan Gaunce wins face-off versus Joseph Gambardella in Wild zone.
11:53 of 1st period - Brendan Gaunce is hit by Jalen Chatfield and loses puck.
12:10 of 1st period - Shot by Brendan Gaunce.
12:10 of 1st period - Shot Misses the Net.
12:12 of 1st period - Shot by Erik Cernak.
12:12 of 1st period - Shot Blocked by Dillon Simpson.
12:19 of 1st period - Off-side.
12:20 of 1st period - Riley Sheahan wins face-off versus Danick Martel in neutral zone.
12:25 of 1st period - Anthony Louis is hit by William Carrier and loses puck.
13:24 of 1st period - Shot by Danny O'Regan.
13:24 of 1st period - Shot Misses the Net.
13:36 of 1st period - Shot by Jean-Sébastien Dea.
13:36 of 1st period - Stopped by Maxime Lagace without a rebound.
13:37 of 1st period - Tanner Pearson wins face-off versus Brendan Gaunce in Wild zone.
13:56 of 1st period - Off-side.
13:57 of 1st period - Mikhail Vorobyov wins face-off versus Jeremy Gregoire in neutral zone.
15:43 of 1st period - Andrew Sturtz is hit by Dillon Simpson and loses puck.
16:23 of 1st period - Minor Penalty to Cedric Paquette for Hooking.
16:24 of 1st period - Jean-Sébastien Dea wins face-off versus Danick Martel in IceHogs zone.
16:30 of 1st period - Icing by Danick Martel.
16:31 of 1st period - Jean-Sébastien Dea wins face-off versus Danick Martel in Wild zone.
17:49 of 1st period - Off-side.
17:50 of 1st period - Danick Martel wins face-off versus Colton Sceviour in neutral zone.
19:17 of 1st period - Shot by Anders Bjork.
19:17 of 1st period - Shot Blocked by Mark Alt.
19:19 of 1st period - Shot by Tanner Pearson.
19:19 of 1st period - Stopped by Christopher Gibson without a rebound.
19:20 of 1st period - Riley Sheahan wins face-off versus Joseph Gambardella in IceHogs zone.
19:20 of 1st period - Riley Sheahan is hit by Tanner Pearson.
19:27 of 1st period - Shot by William Carrier.
19:27 of 1st period - Shot Blocked by Connor Hobbs.
19:29 of 1st period - Shot by Riley Sheahan.
19:29 of 1st period - Shot Blocked by Anders Bjork.
19:31 of 1st period - Shot by Frederic Allard.
19:31 of 1st period - Stopped by Maxime Lagace without a rebound.
19:32 of 1st period - Jean-Sébastien Dea wins face-off versus Lukas Jasek in Wild zone.
19:43 of 1st period - Shot by Danny O'Regan.
19:43 of 1st period - Shot Misses the Net.
19:45 of 1st period - Shot by Jean-Sébastien Dea.
19:45 of 1st period - Goal by Jean-Sébastien Dea - Wild : 1 - IceHogs : 3.
19:46 of 1st period - Danick Martel wins face-off versus Riley Sheahan in neutral zone.
19:46 of 1st period - Dillon Simpson is hit by Charles Hudon and loses puck.
Goals for this period are 1 for Wild vs 3 for IceHogs.
Shots for this period are 7 for Wild vs 8 for IceHogs.

2nd period


0:01 of 2nd period - Jean-Sébastien Dea wins face-off versus Joseph Gambardella in neutral zone.
0:19 of 2nd period - Minor Penalty to Jalen Chatfield for Roughing.
0:20 of 2nd period - Tanner Pearson wins face-off versus William Carrier in Wild zone.
1:24 of 2nd period - Shot by Jean-Sébastien Dea.
1:24 of 2nd period - Shot Blocked by Danick Martel.
1:26 of 2nd period - Shot by Erik Cernak.
1:26 of 2nd period - Shot Misses the Net.
1:36 of 2nd period - Shot by Jean-Sébastien Dea.
1:36 of 2nd period - Shot Misses the Net.
1:38 of 2nd period - Shot by Erik Cernak.
1:38 of 2nd period - Stopped by Maxime Lagace without a rebound.
1:39 of 2nd period - Jean-Sébastien Dea wins face-off versus Tanner Pearson in Wild zone.
1:47 of 2nd period - Icing by Erik Cernak.
1:48 of 2nd period - Jean-Sébastien Dea wins face-off versus Tanner Pearson in IceHogs zone.
2:03 of 2nd period - Icing by Jean-Sébastien Dea.
2:04 of 2nd period - Danny O'Regan wins face-off versus Tanner Pearson in IceHogs zone.
3:02 of 2nd period - Eemeli Rasanen is hit by Riley Sheahan.
3:09 of 2nd period - Icing by Eemeli Rasanen.
3:10 of 2nd period - Brendan Gaunce wins face-off versus Danick Martel in Wild zone.
3:33 of 2nd period - Shot by Kasper Bjorkqvist.
3:33 of 2nd period - Shot Blocked by Mark Alt.
3:35 of 2nd period - Shot by Michael Mersch.
3:35 of 2nd period - Shot Misses the Net.
3:37 of 2nd period - Shot by Jalen Chatfield.
3:37 of 2nd period - Shot Misses the Net.
3:50 of 2nd period - Shot by Kasper Bjorkqvist.
3:50 of 2nd period - Stopped by Christopher Gibson without a rebound.
3:51 of 2nd period - Joseph Gambardella wins face-off versus Jean-Sébastien Dea in IceHogs zone.
3:57 of 2nd period - Minor Penalty to Erik Cernak for Holding.
3:58 of 2nd period - Joseph Gambardella wins face-off versus Jean-Sébastien Dea in IceHogs zone.
4:23 of 2nd period - Shot by Ben Gleason.
4:23 of 2nd period - Stopped by Christopher Gibson without a rebound.
4:24 of 2nd period - Jean-Sébastien Dea wins face-off versus Danick Martel in IceHogs zone.
4:43 of 2nd period - Shot by Dillon Simpson.
4:43 of 2nd period - Shot Misses the Net.
4:52 of 2nd period - Off-side.
4:53 of 2nd period - Joseph Gambardella wins face-off versus Cedric Paquette in neutral zone.
4:55 of 2nd period - Off-side.
4:56 of 2nd period - Jean-Sébastien Dea wins face-off versus Joseph Gambardella in neutral zone.
5:01 of 2nd period - Shot by Jean-Sébastien Dea.
5:01 of 2nd period - Shot Misses the Net.
5:03 of 2nd period - Shot by Jean-Sébastien Dea.
5:03 of 2nd period - Shot Misses the Net.
5:05 of 2nd period - Shot by Frederic Allard.
5:05 of 2nd period - Shot Misses the Net.
5:06 of 2nd period - Minor Penalty to Connor Hobbs for Tripping.
5:07 of 2nd period - Jean-Sébastien Dea wins face-off versus Tanner Pearson in Wild zone.
5:12 of 2nd period - Shot by Danny O'Regan.
5:12 of 2nd period - Shot Blocked by Jalen Chatfield.
5:45 of 2nd period - Icing by Anders Bjork.
5:46 of 2nd period - Cedric Paquette wins face-off versus Tanner Pearson in Wild zone.
5:57 of 2nd period - Shot by William Carrier.
5:57 of 2nd period - Shot Hit the Post.
6:42 of 2nd period - Jean-Sébastien Dea is hit by Tanner Pearson and loses puck.
6:59 of 2nd period - Shot by Danny O'Regan.
6:59 of 2nd period - Stopped by Maxime Lagace without a rebound.
7:00 of 2nd period - Riley Sheahan wins face-off versus Joseph Gambardella in Wild zone.
7:33 of 2nd period - Brendan Gaunce is hit by Danick Martel and loses puck.
8:02 of 2nd period - Shot by Brandon Hickey.
8:02 of 2nd period - Shot Misses the Net.
8:04 of 2nd period - Shot by Frederic Allard.
8:04 of 2nd period - Shot Misses the Net.
8:06 of 2nd period - Shot by Brandon Hickey.
8:06 of 2nd period - Stopped by Maxime Lagace without a rebound.
8:07 of 2nd period - Charles Hudon wins face-off versus Jeremy Gregoire in Wild zone.
8:08 of 2nd period - Shot by Riley Sheahan.
8:08 of 2nd period - Goal by Riley Sheahan - Wild : 1 - IceHogs : 4.
8:08 of 2nd period - Shane Starrett enters game.
8:09 of 2nd period - Riley Sheahan wins face-off versus Jeremy Gregoire in neutral zone.
8:24 of 2nd period - Shot by Michael Mersch.
8:24 of 2nd period - Shot Misses the Net.
9:24 of 2nd period - Shot by Ryan Kuffner.
9:24 of 2nd period - Stopped by Christopher Gibson without a rebound.
9:25 of 2nd period - Brendan Gaunce wins face-off versus Danick Martel in IceHogs zone.
9:25 of 2nd period - Andrew Sturtz is hit by Danick Martel and loses puck.
9:34 of 2nd period - Shot by Taylor Raddysh.
9:34 of 2nd period - Shot Misses the Net.
9:36 of 2nd period - Shot by Dillon Simpson.
9:36 of 2nd period - Shot Misses the Net.
9:38 of 2nd period - Shot by Dillon Simpson.
9:38 of 2nd period - Stopped by Christopher Gibson without a rebound.
9:39 of 2nd period - Jean-Sébastien Dea wins face-off versus Joseph Gambardella in IceHogs zone.
9:53 of 2nd period - Icing by Danny O'Regan.
9:54 of 2nd period - Danick Martel wins face-off versus Jean-Sébastien Dea in IceHogs zone.
10:04 of 2nd period - Off-side.
10:05 of 2nd period - Joseph Gambardella wins face-off versus Brendan Gaunce in neutral zone.
10:05 of 2nd period - Tanner Pearson is hit by Brendan Gaunce and loses puck.
10:27 of 2nd period - Joseph Gambardella is hit by Erik Cernak and loses puck.
10:31 of 2nd period - Minor Penalty to Erik Cernak for Holding.
10:32 of 2nd period - Danick Martel wins face-off versus Jean-Sébastien Dea in IceHogs zone.
10:34 of 2nd period - Taylor Raddysh is hit by Brandon Hickey and loses puck.
11:27 of 2nd period - Shot by Ben Gleason.
11:27 of 2nd period - Shot Blocked by Danny O'Regan.
11:29 of 2nd period - Shot by Joseph Gambardella.
11:29 of 2nd period - Shot Misses the Net.
11:31 of 2nd period - Shot by Tanner Pearson.
11:31 of 2nd period - Stopped by Christopher Gibson without a rebound.
11:32 of 2nd period - Cedric Paquette wins face-off versus Joseph Gambardella in IceHogs zone.
11:52 of 2nd period - Icing by Tanner Pearson.
11:53 of 2nd period - Joseph Gambardella wins face-off versus Jean-Sébastien Dea in Wild zone.
12:40 of 2nd period - Icing by Eemeli Rasanen.
12:41 of 2nd period - Jeremy Gregoire wins face-off versus Riley Sheahan in Wild zone.
12:41 of 2nd period - Michael Mersch is hit by William Carrier and loses puck.
12:58 of 2nd period - Shot by Charles Hudon.
12:58 of 2nd period - Shot Blocked by Ben Thomas.
13:00 of 2nd period - Shot by Charles Hudon.
13:00 of 2nd period - Shot Misses the Net.
13:02 of 2nd period - Shot by William Carrier.
13:02 of 2nd period - Deflect By Riley Sheahan.
13:02 of 2nd period - Shot Misses the Net.
13:04 of 2nd period - Shot by Charles Hudon.
13:04 of 2nd period - Stopped by Shane Starrett without a rebound.
13:05 of 2nd period - Danick Martel wins face-off versus Brendan Gaunce in Wild zone.
13:05 of 2nd period - Danick Martel is hit by Brendan Gaunce.
14:30 of 2nd period - Riley Sheahan is hit by Ben Gleason and loses puck.
14:46 of 2nd period - Off-side.
14:47 of 2nd period - Jeremy Gregoire wins face-off versus Jean-Sébastien Dea in neutral zone.
14:47 of 2nd period - Ben Thomas is hit by Cedric Paquette and loses puck.
14:59 of 2nd period - Michael Mersch is hit by Erik Cernak and loses puck.
15:29 of 2nd period - Shot by Jeremy Gregoire.
15:29 of 2nd period - Shot Blocked by Cedric Paquette.
15:56 of 2nd period - Shot by Andrew Sturtz.
15:56 of 2nd period - Stopped by Shane Starrett without a rebound.
15:57 of 2nd period - Riley Sheahan wins face-off versus Joseph Gambardella in Wild zone.
16:06 of 2nd period - Riley Sheahan is hit by Tanner Pearson and loses puck.
16:35 of 2nd period - Shot by Anders Bjork.
16:35 of 2nd period - Shot Misses the Net.
16:37 of 2nd period - Shot by Joseph Gambardella.
16:37 of 2nd period - Shot Misses the Net.
17:12 of 2nd period - Colton Sceviour is hit by Taylor Raddysh and loses puck.
18:02 of 2nd period - Shot by Lukas Jasek.
18:02 of 2nd period - Shot Misses the Net.
18:21 of 2nd period - Shot by Jean-Sébastien Dea.
18:21 of 2nd period - Stopped by Shane Starrett with a rebound.
18:23 of 2nd period - Shot by Cedric Paquette.
18:23 of 2nd period - Stopped by Shane Starrett with a rebound.
18:28 of 2nd period - Shot by Danny O'Regan.
18:28 of 2nd period - Stopped by Shane Starrett with a rebound.
18:37 of 2nd period - Ben Thomas is hit by Brandon Hickey and loses puck.
18:45 of 2nd period - Icing by Frederic Allard.
18:46 of 2nd period - Jeremy Gregoire wins face-off versus Riley Sheahan in IceHogs zone.
18:46 of 2nd period - Dillon Simpson is hit by Frederic Allard and loses puck.
18:53 of 2nd period - Shot by Riley Sheahan.
18:53 of 2nd period - Shot Misses the Net.
18:55 of 2nd period - Shot by William Carrier.
18:55 of 2nd period - Shot Misses the Net.
18:57 of 2nd period - Shot by William Carrier.
18:57 of 2nd period - Shot Misses the Net.
19:01 of 2nd period - Shot by William Carrier.
19:01 of 2nd period - Shot Misses the Net.
19:03 of 2nd period - Shot by Riley Sheahan.
19:03 of 2nd period - Shot Blocked by Dillon Simpson.
19:05 of 2nd period - Shot by Frederic Allard.
19:05 of 2nd period - Stopped by Shane Starrett without a rebound.
19:06 of 2nd period - Joseph Gambardella wins face-off versus Andrew Sturtz in Wild zone.
19:06 of 2nd period - Joseph Gambardella is hit by Brendan Gaunce.
19:20 of 2nd period - Shot by Joseph Gambardella.
19:20 of 2nd period - Stopped by Christopher Gibson without a rebound.
19:21 of 2nd period - Jean-Sébastien Dea wins face-off versus Jeremy Gregoire in IceHogs zone.
Goals for this period are 0 for Wild vs 1 for IceHogs.
Shots for this period are 6 for Wild vs 10 for IceHogs.

3rd period


0:01 of 3rd period - Jean-Sébastien Dea wins face-off versus Joseph Gambardella in neutral zone.
0:16 of 3rd period - Shot by Danny O'Regan.
0:16 of 3rd period - Shot Misses the Net.
1:08 of 3rd period - Shot by Riley Sheahan.
1:08 of 3rd period - Stopped by Shane Starrett without a rebound.
1:09 of 3rd period - Brendan Gaunce wins face-off versus Danick Martel in Wild zone.
1:33 of 3rd period - Brendan Gaunce is hit by Connor Hobbs and loses puck.
1:49 of 3rd period - Minor Penalty to Anthony Louis for Holding.
1:50 of 3rd period - Tanner Pearson wins face-off versus Riley Sheahan in Wild zone.
2:17 of 3rd period - Shot by William Carrier.
2:17 of 3rd period - Stopped by Shane Starrett without a rebound.
2:18 of 3rd period - Jean-Sébastien Dea wins face-off versus Tanner Pearson in Wild zone.
2:52 of 3rd period - Dillon Simpson is hit by Cedric Paquette and loses puck.
3:20 of 3rd period - Icing by Brandon Hickey.
3:21 of 3rd period - Riley Sheahan wins face-off versus Kasper Bjorkqvist in IceHogs zone.
3:30 of 3rd period - Shot by Frederic Allard.
3:30 of 3rd period - Shot Blocked by Ben Gleason.
3:42 of 3rd period - Shot by Charles Hudon.
3:42 of 3rd period - Shot Misses the Net.
3:54 of 3rd period - Shot by Danick Martel.
3:54 of 3rd period - Shot Misses the Net.
4:04 of 3rd period - Shot by Andrew Sturtz.
4:04 of 3rd period - Deflect By Colton Sceviour.
4:04 of 3rd period - Shot Misses the Net.
4:06 of 3rd period - Shot by Jack Dougherty.
4:06 of 3rd period - Shot Misses the Net.
4:12 of 3rd period - Shot by Colton Sceviour.
4:12 of 3rd period - Stopped by Shane Starrett without a rebound.
4:13 of 3rd period - Jeremy Gregoire wins face-off versus Jean-Sébastien Dea in Wild zone.
4:13 of 3rd period - Jeremy Gregoire is hit by Cedric Paquette.
4:47 of 3rd period - Shot by Danny O'Regan.
4:47 of 3rd period - Stopped by Shane Starrett without a rebound.
4:48 of 3rd period - Riley Sheahan wins face-off versus Joseph Gambardella in Wild zone.
5:17 of 3rd period - Icing by Connor Hobbs.
5:18 of 3rd period - Joseph Gambardella wins face-off versus Brendan Gaunce in Wild zone.
6:10 of 3rd period - Shot by Danny O'Regan.
6:10 of 3rd period - Stopped by Shane Starrett without a rebound.
6:11 of 3rd period - Jean-Sébastien Dea wins face-off versus Jeremy Gregoire in Wild zone.
6:11 of 3rd period - Jean-Sébastien Dea is hit by Ben Thomas.
6:17 of 3rd period - Shot by Danny O'Regan.
6:17 of 3rd period - Shot Blocked by Ben Thomas.
6:27 of 3rd period - Shot by Michael Mersch.
6:27 of 3rd period - Stopped by Christopher Gibson without a rebound.
6:28 of 3rd period - Riley Sheahan wins face-off versus Lukas Jasek in IceHogs zone.
7:01 of 3rd period - Shot by Tanner Pearson.
7:01 of 3rd period - Deflect By Lukas Jasek.
7:01 of 3rd period - Shot Misses the Net.
7:36 of 3rd period - Shot by Jean-Sébastien Dea.
7:36 of 3rd period - Shot Misses the Net.
7:44 of 3rd period - Shot by Danny O'Regan.
7:44 of 3rd period - Shot Misses the Net.
8:02 of 3rd period - Shot by Cameron Gaunce .
8:02 of 3rd period - Stopped by Shane Starrett without a rebound.
8:03 of 3rd period - Brendan Gaunce wins face-off versus Jeremy Gregoire in Wild zone.
8:22 of 3rd period - Shot by Jeremy Gregoire.
8:22 of 3rd period - Shot Blocked by Colton Sceviour.
8:42 of 3rd period - Shot by Jeremy Gregoire.
8:42 of 3rd period - Stopped by Christopher Gibson without a rebound.
8:43 of 3rd period - Jean-Sébastien Dea wins face-off versus Joseph Gambardella in IceHogs zone.
8:55 of 3rd period - Cedric Paquette is hit by Jalen Chatfield and loses puck.
8:59 of 3rd period - Icing by Joseph Gambardella.
9:00 of 3rd period - Joseph Gambardella wins face-off versus Riley Sheahan in Wild zone.
9:00 of 3rd period - Joseph Gambardella is hit by William Carrier.
9:01 of 3rd period - Minor Penalty to William Carrier for Elbowing.
9:02 of 3rd period - Jean-Sébastien Dea wins face-off versus Joseph Gambardella in IceHogs zone.
9:43 of 3rd period - Icing by Joseph Gambardella.
9:44 of 3rd period - Cedric Paquette wins face-off versus Tanner Pearson in Wild zone.
10:13 of 3rd period - Shot by Ben Gleason.
10:13 of 3rd period - Stopped by Christopher Gibson without a rebound.
10:14 of 3rd period - Danick Martel wins face-off versus Jean-Sébastien Dea in IceHogs zone.
10:24 of 3rd period - Taylor Raddysh is hit by Erik Cernak and loses puck.
10:27 of 3rd period - Shot by Connor Hobbs.
10:27 of 3rd period - Deflect By Anthony Louis.
10:27 of 3rd period - Shot Blocked by Erik Cernak.
10:29 of 3rd period - Shot by Connor Hobbs.
10:29 of 3rd period - Stopped by Christopher Gibson without a rebound.
10:30 of 3rd period - Joseph Gambardella wins face-off versus Jean-Sébastien Dea in IceHogs zone.
10:41 of 3rd period - Joseph Gambardella is hit by Danny O'Regan and loses puck.
11:10 of 3rd period - Shot by Riley Sheahan.
11:10 of 3rd period - Stopped by Shane Starrett with a rebound.
11:12 of 3rd period - Shot by Riley Sheahan.
11:12 of 3rd period - Stopped by Shane Starrett without a rebound.
11:13 of 3rd period - Brendan Gaunce wins face-off versus Jeremy Gregoire in Wild zone.
11:16 of 3rd period - Shot by Erik Cernak.
11:16 of 3rd period - Stopped by Shane Starrett without a rebound.
11:17 of 3rd period - Danick Martel wins face-off versus Charles Hudon in Wild zone.
12:46 of 3rd period - Shot by Andrew Sturtz.
12:46 of 3rd period - Stopped by Shane Starrett without a rebound.
12:47 of 3rd period - Jeremy Gregoire wins face-off versus Jean-Sébastien Dea in Wild zone.
12:47 of 3rd period - Jeremy Gregoire is hit by Cedric Paquette.
12:52 of 3rd period - Off-side.
12:53 of 3rd period - Jean-Sébastien Dea wins face-off versus Jeremy Gregoire in neutral zone.
13:10 of 3rd period - Shot by Jean-Sébastien Dea.
13:10 of 3rd period - Stopped by Shane Starrett with a rebound.
13:12 of 3rd period - Shot by Cedric Paquette.
13:12 of 3rd period - Goal by Cedric Paquette - Wild : 1 - IceHogs : 5.
13:13 of 3rd period - Danick Martel wins face-off versus Riley Sheahan in neutral zone.
14:05 of 3rd period - Danny O'Regan is hit by Ben Gleason and loses puck.
14:18 of 3rd period - Shot by Cedric Paquette.
14:18 of 3rd period - Deflect By Danny O'Regan.
14:18 of 3rd period - Shot Misses the Net.
14:22 of 3rd period - Shot by Jean-Sébastien Dea.
14:22 of 3rd period - Stopped by Shane Starrett without a rebound.
14:23 of 3rd period - Joseph Gambardella wins face-off versus Brendan Gaunce in Wild zone.
14:44 of 3rd period - Off-side.
14:45 of 3rd period - Cedric Paquette wins face-off versus Jeremy Gregoire in neutral zone.
14:45 of 3rd period - Cedric Paquette is hit by Michael Mersch.
14:49 of 3rd period - Shot by Jean-Sébastien Dea.
14:49 of 3rd period - Shot Blocked by Eemeli Rasanen.
14:51 of 3rd period - Shot by Cedric Paquette.
14:51 of 3rd period - Stopped by Shane Starrett without a rebound.
14:52 of 3rd period - Jean-Sébastien Dea wins face-off versus Joseph Gambardella in Wild zone.
14:53 of 3rd period - Shot by Danny O'Regan.
14:53 of 3rd period - Stopped by Shane Starrett without a rebound.
14:54 of 3rd period - Jean-Sébastien Dea wins face-off versus Joseph Gambardella in Wild zone.
16:17 of 3rd period - Ben Gleason is hit by William Carrier and loses puck.
16:22 of 3rd period - Shot by Taylor Raddysh.
16:22 of 3rd period - Shot Misses the Net.
16:30 of 3rd period - Shot by Taylor Raddysh.
16:30 of 3rd period - Shot Blocked by Frederic Allard.
16:35 of 3rd period - Icing by Brandon Hickey.
16:36 of 3rd period - Riley Sheahan wins face-off versus Jeremy Gregoire in IceHogs zone.
16:40 of 3rd period - Icing by William Carrier.
16:41 of 3rd period - Jeremy Gregoire wins face-off versus Charles Hudon in IceHogs zone.
17:31 of 3rd period - Shot by Jack Dougherty.
17:31 of 3rd period - Shot Blocked by Eemeli Rasanen.
17:33 of 3rd period - Shot by Jack Dougherty.
17:33 of 3rd period - Shot Misses the Net.
17:52 of 3rd period - Minor Penalty to Cedric Paquette for Tripping.
17:53 of 3rd period - Jean-Sébastien Dea wins face-off versus Joseph Gambardella in IceHogs zone.
18:04 of 3rd period - Shot by Anders Bjork.
18:04 of 3rd period - Shot Blocked by Cameron Gaunce .
18:06 of 3rd period - Shot by Anders Bjork.
18:06 of 3rd period - Shot Misses the Net.
18:08 of 3rd period - Shot by Tanner Pearson.
18:08 of 3rd period - Shot Blocked by Erik Cernak.
18:10 of 3rd period - Shot by Joseph Gambardella.
18:10 of 3rd period - Stopped by Christopher Gibson without a rebound.
18:11 of 3rd period - Jean-Sébastien Dea wins face-off versus Danick Martel in IceHogs zone.
18:11 of 3rd period - Jean-Sébastien Dea is hit by Danick Martel.
19:28 of 3rd period - Shot by Dillon Simpson.
19:28 of 3rd period - Stopped by Christopher Gibson without a rebound.
19:29 of 3rd period - Danick Martel wins face-off versus Colton Sceviour in IceHogs zone.
19:36 of 3rd period - Shot by Taylor Raddysh.
19:36 of 3rd period - Deflect By Anthony Louis.
19:36 of 3rd period - Shot Misses the Net.
19:38 of 3rd period - Shot by Taylor Raddysh.
19:38 of 3rd period - Shot Blocked by Brandon Hickey.
19:40 of 3rd period - Shot by Dillon Simpson.
19:40 of 3rd period - Shot Blocked by Brandon Hickey.
19:42 of 3rd period - Shot by Anthony Louis.
19:42 of 3rd period - Shot Blocked by Colton Sceviour.
19:44 of 3rd period - Shot by Anthony Louis.
19:44 of 3rd period - Stopped by Christopher Gibson with a rebound.
19:46 of 3rd period - Shot by Anthony Louis.
19:46 of 3rd period - Stopped by Christopher Gibson with a rebound.
19:48 of 3rd period - Shot by Danick Martel.
19:48 of 3rd period - Shot Blocked by William Carrier.
19:54 of 3rd period - Shot by Anthony Louis.
19:54 of 3rd period - Stopped by Christopher Gibson without a rebound.
19:55 of 3rd period - Jean-Sébastien Dea wins face-off versus Jeremy Gregoire in IceHogs zone.
19:55 of 3rd period - Jean-Sébastien Dea is hit by Jeremy Gregoire.
Goals for this period are 0 for Wild vs 1 for IceHogs.
Shots for this period are 9 for Wild vs 15 for IceHogs.